 Dungeon Crawl Stone Soup version 0.28-a0-48-gfd831c5874 (webtiles) character file.

Game seed: 6655044137134994231

10 Spaninq the Sneak (level 2, 0/13 HPs)
             Began as a Vine Stalker Enchanter on July 29, 2021.
             Slain by a ball python (1 damage)
             ... on level 1 of the Dungeon.
             The game lasted 00:01:53 (549 turns).

Spaninq the Sneak (Vine Stalker Enchanter)           Turns: 549, Time: 00:01:54

Health: 0/13       AC:  2    Str: 10    XL:     2   Next: 20%
Magic:  0/6        EV: 12    Int: 15    God:
Gold:   0          SH:  0    Dex: 14    Spells: 2/5 levels left

rFire   . . .      SeeInvis .   a - +1 dagger
rCold   . . .      Faith    .   (no shield)
rNeg    . . .      Spirit   +   b - +0 robe
rPois   .          Reflect  .   (no helmet)
rElec   .          Harm     .   (no cloak)
rCorr   .          Rampage  .   (no gloves)
Will    .....                   (no boots)
Stlth   +++.......              (no amulet)
HPRegen 0.04/turn               (no ring)
MPRegen 0.10/turn               (no ring)

@: no status effects
A: fangs 2, magic shield, antimagic bite, no potion heal 2
a: no special abilities


You were on level 1 of the Dungeon.
You visited 1 branch of the dungeon, and saw 1 of its levels.

Inventory:

Hand Weapons
 a - a +1 dagger (weapon)
Armour
 b - a +0 robe (worn)
Potions
 c - a potion of brilliance {unknown}
 d - a potion of haste {unknown}


   Skills:
 * Level 1.2 Short Blades
 - Level 1.5 Dodging
 * Level 3.9 Stealth
 + Level 2.3 Spellcasting
 + Level 3.1 Hexes


You had 2 spell levels left.
You knew the following spells:

 Your Spells              Type           Power      Damage    Failure   Level
a - Corona                Hex            12%        N/A       6%          1
b - Ensorcelled Hibernat  Hex/Ice        12%        N/A       17%         2

Your spell library contained the following spells:

 Spells                   Type           Power      Damage    Failure   Level
 Confusing Touch          Hex            11%        N/A       19%         3
 Tukima's Dance           Hex            11%        N/A       19%         3
 Dazzling Flash           Conj/Hex       12%        N/A       34%         3


Dungeon Overview and Level Annotations

Branches:
Dungeon (1/15)

Altars:


Innate Abilities, Weirdness & Mutations

You have extremely sharp teeth.
When hurt, damage is shared between your health and your magic reserves.
Your bite disrupts and absorbs the magic of your enemies.
Potions cannot restore your health.


Message History

You kill the ball python!
The ball python barely misses you. The ball python constricts you.
Casting: Ensorcelled Hibernation (safe; 17% risk of failure)
Confirm with . or Enter, or press ? or * to list all spells.
Aiming: Ensorcelled Hibernation (safe; 17% risk of failure)
Press: ? - help, Shift-Dir - straight line, f - ball python
Aim: a ball python (constricting you, chance to affect: 55%)
The ball python resists with significant effort.
The ball python bites you. The ball python constricts you.
You escape the ball python's grasp.
The ball python bites you. The ball python grabs you.
The ball python constricts you.
You see here a bat corpse.
You escape the ball python's grasp.
The ball python bites you but does no damage.
The ball python closely misses you. The ball python bites you.
The ball python barely misses you.
Casting: Ensorcelled Hibernation (safe; 17% risk of failure)
Confirm with . or Enter, or press ? or * to list all spells.
Aiming: Ensorcelled Hibernation (safe; 17% risk of failure)
Press: ? - help, Shift-Dir - straight line, f/p - ball python
Aim: a ball python (chance to affect: 55%)
The ball python resists with significant effort.
The ball python bites you.
* * * LOW HITPOINT WARNING * * *
The ball python grabs you. The ball python constricts you.
You escape the ball python's grasp.
The ball python barely misses you. The ball python misses you.
The ball python bites you.
* * * LOW HITPOINT WARNING * * *
The ball python grabs you. The ball python constricts you.
The ball python's grasp on you weakens, but your attempt to escape fails.
The ball python bites you.
* * * LOW HITPOINT WARNING * * *
The ball python constricts you.
You escape the ball python's grasp.
There is an open door here.
The ball python barely misses you. The ball python closely misses you.
The ball python bites you.
You die...

..........###.#..##....########.#
..........# #.#..##....# #.#
....####### #.#..##...>########.#
....#########.#...'.............#
........†...#.##.##..)......(####
........###.†.##.##..............
###.....# ##..##.##..........####
#.....####..##S##.....#......#
#.........#.##@##.....#.####.#
#.........#.##.##.....#.####.#
##........#.##.######.#....#.##
#........#..#.#...........#...
#........#..#.#...........####
#........#....#...........#
..........#.#..#...........#
##........#...>######.####.#
###### #.#....# ##


You could see a ball python.

Vanquished Creatures
  A ball python (D:1)
  2 bats (D:1)
  2 endoplasms (D:1)
  A kobold (D:1)
  A frilled lizard (D:1)
  2 rats (D:1)
9 creatures vanquished.

Notes
Turn   | Place    | Note
-------+----------+-------------------------------------------
     0 | D:1      | Spaninq the Vine Stalker Enchanter began the quest for the
                  | Orb.
     0 | D:1      | Reached XP level 1. HP: 9/9 MP: 4/4
    76 | D:1      | Reached skill level 1 in Short Blades
   364 | D:1      | Reached XP level 2. HP: 8/13 MP: 6/6
   377 | D:1      | Learned a level 2 spell: Ensorcelled Hibernation
   549 | D:1      | Slain by a ball python

Illustrated notes

Levels and vault maps discovered:
D:1:      dpeg_arrival_court, layout_basic,
          hellmonk_ecumenical_altar_defaced_shrine

Skill      XL: |  1 |
---------------+----+-----
Short Blades   | 1 |  1.2
Dodging        | |  1.5
Stealth        | |  3.9
Spellcasting   | |  2.3
Hexes          | |  3.1

Action                   || total
-------------------------++-------
Melee: Dagger            ||    32
       Bite              ||     2
 Cast: Ensorcelled Hiber ||     4
 Stab: Sleeping          ||     2
Armor: Robe              ||    10
Dodge: Dodged            ||    35

Table legend: (Time is in decaauts)
 A = Elapsed time spent in this place.
 B = Non-inter-level travel time spent in this place.
 C = Inter-level travel time spent in this place.
 D = Time resting spent in this place.
 E = Time spent auto-exploring this place.
 F = Levels seen in this place.
 G = Mean time per level.
                   A        B        C        D        E       F      G
               +--------+--------+--------+--------+--------+-----+--------+
         Total |    547 |    547 |      0 |    146 |    260 |   1 |  547.0 |
       Dungeon |    547 |    547 |      0 |    146 |    260 |   1 |  547.0 |
               +--------+--------+--------+--------+--------+-----+--------+

Top non-repeatable levels by time:
     D:1: 547 daAuts
